 Dungeon Crawl Stone Soup version 0.29.0-4-gdea44cf6ec (webtiles) character file.

Game seed: 8645648523210377068

70 qw the Chopper (level 4, -1/26 HPs)
             Began as a Tengu Warper on Aug 28, 2022.
             Killed from afar by an orc wizard (9 damage)
             ... with a magic dart
             ... on level 2 of the Dungeon.
             The game lasted 00:00:11 (2337 turns).

qw the Chopper (Tengu Warper)                       Turns: 2337, Time: 00:00:12

Health: -1/26      AC:  4    Str: 13    XL:     4   Next: 21%
Magic:  8/8        EV: 12    Int: 14    God:
Gold:   127        SH:  0    Dex: 13    Spells: 7/7 levels left

rFire   + . .      SeeInvis .   Y - +0 hand axe
rCold   + . .      Faith    .   (no shield)
rNeg    . . .      Spirit   .   b - +0 leather armour
rPois   .          Reflect  .   l - +1 hat
rElec   .          Harm     .   d - scarf {rC+ rF+}
rCorr   .          Rampage  .   (no gloves)
Will    .....                   (boots unavailable)
Stlth   +.........              (no amulet)
HPRegen 0.08/turn               (no ring)
MPRegen 0.11/turn               (no ring)

@: no status effects
A: beak, talons 3
a: no special abilities


You were on level 2 of the Dungeon.
You visited 1 branch of the dungeon, and saw 2 of its levels.

You collected 127 gold pieces.


Innate Abilities, Weirdness & Mutations

You have a beak for a mouth.
You have claws for feet.


   Skills:
 - Level 2.0 Fighting
 + Level 4.8 Axes
 - Level 1.0 Throwing
 - Level 1.1 Armour
 - Level 2.1 Dodging
 - Level 2.0 Spellcasting
 - Level 2.4 Translocations


You had 7 spell levels left.
You didn't know any spells.
Your spell library contained the following spells:

 Spells                   Type           Power      Damage    Failure   Level
 Blink                    Tloc           16%        N/A       17%         2
 Gell's Gravitas          Tloc           8%         N/A       34%         3
 Lesser Beckoning         Tloc           8%         N/A       34%         3
 Teleport Other           Tloc           8%         N/A       34%         3
 Manifold Assault         Tloc           8%         N/A       97%         5

Inventory:

Hand Weapons
 i - a +0 club
 Y - a +0 hand axe (weapon)
Armour
 b - a +0 leather armour (worn)
 d - a scarf of resistance (worn)
 l - a +1 hat (worn)
Scrolls
 a - a scroll of identify
 j - a scroll of teleportation
Potions
 c - a potion of might {unknown}
 e - a potion of attraction {unknown}
 f - a potion of cancellation
 g - a potion of degeneration {unknown}
 h - a potion of curing {unknown}
 k - a potion of lignification {unknown}

Dungeon Overview and Level Annotations

Branches:
Dungeon (2/15)

Altars:
Hepliaklqana


Message History

2329 ||| Stepping ~*~*~tactically~*~*~ (stealth).
The goblin attacks as you move away!
The goblin unwields a +0 sling.
The goblin wields a +0 club.
The goblin closely misses you.
You barely miss the orc. Your kick misses the orc.
You peck the orc, but do no damage. The orc barely misses you.
You hit the orc. You claw the orc.
You kill the orc!
The orc wizard points at you and mumbles some strange words.
The puff of flame hits you. You resist.
You hit the orc wizard.
The orc wizard is moderately wounded.
The orc wizard casts a spell.
The orc wizard flickers and vanishes!
You hit something.
You hear some strange, mumbled words.
A magic dart appears from out of thin air!
The magic dart hits you.
You hit something but do no damage. You peck something.
The goblin unwields a +0 club.
The goblin wields a +0 sling.
The goblin shoots a sling bullet.
The sling bullet hits you.
You hear a shout!
The goblin unwields a +0 sling.
The goblin wields a +0 club.
The goblin hits you but does no damage. Something hits you but does no damage.
Items here: % )) [.
You hit the orc. You claw the orc, but do no damage.
You peck the orc, but do no damage.
The orc is lightly wounded.
You barely miss the goblin. You miss something. You closely miss something.
The goblin hits you with a +0 club. Something hits you.
The orc closely misses you.
You hit the orc but do no damage. Your kick misses the orc.
You peck the orc, but do no damage.
The orc is lightly wounded.
You hit something. You miss something. You hit the goblin but do no damage.
The goblin hits you with a +0 club.
You hear some strange, mumbled words.
A magic dart appears from out of thin air!
The magic dart hits you!
You die...

#.. .......# .
...#..##
.........###
...........
..........##
.#...#..<..####
......ogo......
########@...#
........{..##
..###.###.#.......
# #.#.###### #.#.#
#.#.# .#######.#.#
...........#
########...####


You could see an orc priest, an orc and a goblin.

Vanquished Creatures
  An adder (D:2)
  A worm (D:2)
  2 dart slugs (D:1)
  2 orcs (D:2)
  2 endoplasms (D:1)
  3 giant cockroaches
  3 goblins
  5 hobgoblins
  5 jackals (D:1)
  A quokka (D:1)
  5 ball pythons
  4 bats (D:1)
  A frilled lizard (D:1)
  6 kobolds
  5 rats
46 creatures vanquished.

Notes
Turn   | Place    | Note
-------+----------+-------------------------------------------
     0 | D:1      | qw the Tengu Warper began the quest for the Orb.
     0 | D:1      | Reached XP level 1. HP: 12/12 MP: 4/4
     0 | D:1      | 0 ||| qw: Version: 0.1-a-89-g26bdef1
     0 | D:1      | 0 ||| qw: Game counter: 3403
     0 | D:1      | 0 ||| qw: Always use a shield: true
     0 | D:1      | 0 ||| qw: God list: Okawaru
     0 | D:1      | 0 ||| qw: Allow faded altars: false
     0 | D:1      | 0 ||| qw: Do Orc after D:15 true
     0 | D:1      | 0 ||| qw: Do second Lair branch before Depths: true
     0 | D:1      | 0 ||| qw: Lair rune preference: random
     0 | D:1      | 0 ||| qw: Plans: Normal
     0 | D:1      | 0 ||| PLANNING D:1-11
    96 | D:1      | 96 ||| Stepping ~*~*~tactically~*~*~ (hiding).
   198 | D:1      | 198 ||| Stepping ~*~*~tactically~*~*~ (hiding).
   300 | D:1      | 300 ||| Stepping ~*~*~tactically~*~*~ (hiding).
   402 | D:1      | 402 ||| Stepping ~*~*~tactically~*~*~ (hiding).
   405 | D:1      | 405 ||| Stepping ~*~*~tactically~*~*~ (hiding).
   545 | D:1      | Reached XP level 2. HP: 17/17 MP: 6/6
   577 | D:1      | Reached skill level 3 in Axes
   603 | D:1      | 603 ||| Stepping ~*~*~tactically~*~*~ (stealth).
   615 | D:1      | 615 ||| Stepping ~*~*~tactically~*~*~ (stealth).
   927 | D:1      | Reached XP level 3. HP: 13/21 MP: 7/7
  1124 | D:1      | Found a faded altar of an unknown god.
  1321 | D:1      | Reached skill level 4 in Axes
  1487 | D:1      | 1487 ||| Stepping ~*~*~tactically~*~*~ (hiding).
  1589 | D:1      | 1589 ||| Stepping ~*~*~tactically~*~*~ (hiding).
  1801 | D:1      | 1801 ||| UPGRADING to scarf of resistance.
  1806 | D:1      | 1806 ||| UPGRADING to +1 hat.
  1811 | D:1      | 1811 ||| READING scroll labelled RIAMPUPTIRI.
  1812 | D:1      | 1812 ||| READING scroll labelled SUTEAT HOFOF.
  1816 | D:1      | 1816 ||| DROPPING scroll of blinking.
  1831 | D:2      | 1831 ||| STAIRDANCE
  1846 | D:2      | 1846 ||| Stepping ~*~*~tactically~*~*~ (stealth).
  1867 | D:2      | 1867 ||| Stepping ~*~*~tactically~*~*~ (stealth).
  1876 | D:2      | 1876 ||| FLEEEEING.
  1884 | D:2      | 1884 ||| FLEEEEING.
  1885 | D:2      | 1885 ||| FLEEEEING.
  1886 | D:2      | 1886 ||| FLEEEEING.
  1889 | D:2      | 1889 ||| STAIRDANCE
  1991 | D:2      | 1991 ||| STAIRDANCE
  2037 | D:1      | 2037 ||| READING 3 scrolls labelled AFRUSU TABON.
  2038 | D:1      | 2038 ||| READING 2 scrolls of identify.
  2038 | D:1      | 2038 ||| IDENTIFYING sedimented silvery potion
  2061 | D:2      | 2061 ||| Stepping ~*~*~tactically~*~*~ (stealth).
  2073 | D:2      | Found a hazy altar of Hepliaklqana.
  2101 | D:2      | Reached XP level 4. HP: 26/26 MP: 8/8
  2200 | D:2      | 2200 ||| Stepping ~*~*~tactically~*~*~ (stealth).
  2323 | D:2      | 2323 ||| Stepping ~*~*~tactically~*~*~ (hiding).
  2329 | D:2      | 2329 ||| Stepping ~*~*~tactically~*~*~ (stealth).
  2337 | D:2      | Killed from afar by an orc wizard

Levels and vault maps discovered:
D:1:      dpeg_arrival_boxorama, layout_basic, basic_ecumenical_altar,
          dreamdust_princess_corridor
D:2:      cheibrodos_pilgrimage, layout_loops_ring, basic_altar,
          amcnicky_mini_pool_small, moated_statue, st_stairs_8,
          minmay_misc_feat_tower, minmay_tromino_v7

Skill      XL: |  1  2  3 |
---------------+----------+-----
Axes           | 3 4 |  4.8
Fighting       | |  2.0
Throwing       | |  1.0
Armour         | |  1.1
Dodging        | |  2.1
Spellcasting   | |  2.0
Translocations | |  2.4

Action                   |  1- 3 |  4- 6 || total
-------------------------+-------+-------++-------
Melee: Hand axe          |    84 |    18 ||   102
       Peck              |    12 |     5 ||    17
       Kick              |    23 |     5 ||    28
Throw: Boomerang         |     7 |       ||     7
  Use: Scroll            |     4 |       ||     4
Armor: Leather armour    |    27 |     4 ||    31
Dodge: Dodged            |    40 |     6 ||    46

Table legend:
 A = Non-vault XP
 B = Vault XP
 C = Vault XP percentage of total XP
 D = Non-vault monster count
 E = Vault monster count
 F = Vault count percentage of total count
                 A         B        C        D         E       F
            +---------+---------+-------+---------+---------+-------
      Total |      84 |      16 |  16.0 |      39 |       7 |  15.2
            +---------+---------+-------+---------+---------+-------
        D:1 |      56 |       2 |   3.4 |      31 |       1 |   3.1
        D:2 |      28 |      14 |  33.3 |       8 |       6 |  42.9
            +---------+---------+-------+---------+---------+-------
